 Dungeon Crawl Stone Soup version 0.31-a0-960-g0fca184906 (webtiles) character file.

Game seed: 8161862511899990461

46 night the Ruffian (level 3, -2/32 HPs)
             Began as a Troll Shapeshifter on Oct 22, 2023.
             Slain by Crazy Yiuf
             ... wielding a +3 quarterstaff of chaos
              (11 damage)
             ... on level 3 of the Dungeon.
             The game lasted 00:02:35 (2048 turns).

night the Ruffian (Troll Shapeshifter)              Turns: 2048, Time: 00:02:36

Health: -2/32      AC:  4    Str: 24    XL:     3   Next: 44%
Magic:  2/2        EV:  9    Int:  6    God:
Gold:   103        SH:  0    Dex:  9    Spells: 2/2 levels left

rFire   . .          .
                       - Unarmed
rCold   . . .        (no shield)
rNeg    . . .        a - +0 animal skin
rPois   .            (helmet currently unavailable)
rElec   .            (cloak currently unavailable)
rCorr   .            (gloves unavailable)
SInv    .            (boots unavailable)
Will    .....        (no amulet)
Stlth   +            (no ring)
HPRegen 1.05/turn    (no ring)
MPRegen 0.08/turn

%: no passive effects
@: mighty, beast-form
A: beast (slay +1), large, unfitting armour, claws 3, regeneration 1, shaggy fur
1, tough skin 1
a: Begin Untransformation


You were on level 3 of the Dungeon.
You were a hulking beast.
You visited 1 branch of the dungeon, and saw 3 of its levels.

You collected 125 gold pieces.
You spent 22 gold pieces at shops.

Inventory:

Hand Weapons
 b - a +3 sling
Missiles
 l - 5 stones
Armour
 a - a +0 animal skin (worn)
Talismans
 c - a beast talisman
 d - a flux talisman
Wands
 i - a wand of paralysis (9)
Scrolls
 g - 2 scrolls of identify
 m - 3 scrolls of vulnerability {unknown}
 n - a scroll of blinking {unknown}
Potions
 e - a potion of curing {unknown}
 f - a potion of mutation {unknown}
 h - a potion of resistance {unknown}
 j - 2 potions of lignification
 k - a potion of degeneration {unknown}


   Skills:
 - Level 0.7 Fighting
 - Level 1.5 Dodging
 * Level 4.1 Unarmed Combat
 + Level 3.4 Shapeshifting


You had 2 spell levels left.
You didn't know any spells.
Your spell library was empty.

Dungeon Overview and Level Annotations

Branches:
Dungeon (3/15)

Altars:

Shops:
D:2 ?

Annotations:
D:3 Crazy Yiuf


Innate Abilities, Weirdness & Mutations

You are a hulking beast.
Your limbs bulge with bestial killing power. (Slay +1)
You are too large for most types of armour.
You have claws for hands.
Your natural rate of healing is unusually fast.
You are covered in fur. (AC +1)
You have tough skin. (AC +1)


Message History

No target in view!
No target in view!
No target in view!
No target in view!
No target in view!
No target in view!
You now have 103 gold pieces (gained 25).
You see here a +0 club.
A rat comes into view.
You barely miss the rat. The rat completely misses you.
You claw the rat!
You kill the rat!
No target in view!
No target in view!
No target in view!
No target in view!
No target in view!
No target in view!
No target in view!
No target in view!
Found a hammer.
Found a runed translucent door.
Crazy Yiuf shouts!
You open the door.
Crazy Yiuf waves his quarterstaff at you.
You barely miss Crazy Yiuf.
Crazy Yiuf hits you with a +3 quarterstaff of chaos!
You barely miss Crazy Yiuf.
Crazy Yiuf hits you with a +3 quarterstaff of chaos!
Crazy Yiuf burns you.
You scratch Crazy Yiuf.
Crazy Yiuf is lightly wounded.
You closely miss Crazy Yiuf.
Crazy Yiuf is lightly wounded.
Crazy Yiuf hits you with a +3 quarterstaff of chaos!
* * * LOW HITPOINT WARNING * * *
You feel very mighty all of a sudden.
You closely miss Crazy Yiuf.
Crazy Yiuf is lightly wounded.
Crazy Yiuf hits you with a +3 quarterstaff of chaos!
You die...

#......#.......##
#......#.......##
#................
#####
#####.##....)..##
#..)# #.##.......#
#...#
#####.##.......# ...
#..............# #g#
#.......########
♣♣h♣ #.......# ♣.♣♣
#.......# ♣♣.♣
#.......# ♣.♣♣
#.......# ♣♣.♣♣
#.......# ♣...♣♣
#.......# ♣....♣
#.......## #....#
#..........'
#....####.......####


You could see Crazy Yiuf.

Vanquished Creatures
  An adder (D:3)
  4 ball pythons
  An endoplasm (D:2)
  2 giant cockroaches
  5 goblins
  3 hobgoblins
  4 quokkas (D:2)
  4 bats
  A frilled lizard (D:1)
  4 kobolds
  3 rats
32 creatures vanquished.

Notes
Turn   | Place    | Note
-------+----------+-------------------------------------------
     0 | D:1      | night the Troll Shapeshifter began the quest for the Orb.
     0 | D:1      | Reached XP level 1. HP: 18/18 MP: 0/0
   429 | D:1      | Reached XP level 2. HP: 26/26 MP: 1/1
   936 | D:1      | Found a faded altar of an unknown god.
   936 | D:1      | Noticed an orange demon
  1120 | D:2      | Found Sizyah's Magic Scroll Emporium.
  1133 | D:2      | Bought a scroll of identify for 22 gold pieces
  1608 | D:2      | Reached XP level 3. HP: 28/32 MP: 2/2
  1904 | D:3      | Reached skill level 4 in Unarmed Combat
  2038 | D:3      | Found a runed translucent door.
  2039 | D:3      | Noticed Crazy Yiuf
  2048 | D:3      | Slain by Crazy Yiuf

Illustrated notes

Levels and vault maps discovered:
D:1:      wheals_arrival_shading, layout_basic,
          dreamdust_ecumenical_altar_sealed_demon
D:2:      layout_loops_cross, serial_shops, shop, minmay_misc_feat_columns,
          minmay_misc_feat_tiny
D:3:      layout_basic, mainiacjoe_overflow_alcove_2,
          mainiacjoe_overflow_alcove_4, dreamdust_mushroom_princess,
          minmay_bisected, uniq_crazy_yiuf_cottage

Skill      XL: |  1  2  3 |
---------------+----------+-----
Unarmed Combat | 4 |  4.1
Fighting       | |  0.7
Dodging        | |  1.5
Shapeshifting  | |  3.4

Action                     || total
---------------------------++-------
  Melee: Unarmed           ||    85
         Punch             ||     1
   Fire: Sling             ||     4
 Armour: Animal skin       ||    49
  Dodge: Dodged            ||    26

Table legend: (Time is in decaauts)
 A = Elapsed time spent in this place.
 B = Non-inter-level travel time spent in this place.
 C = Inter-level travel time spent in this place.
 D = Time resting spent in this place.
 E = Time spent auto-exploring this place.
 F = Levels seen in this place.
 G = Mean time per level.
                   A        B        C        D        E       F      G
               +--------+--------+--------+--------+--------+-----+--------+
         Total |   2042 |   2014 |     28 |      0 |   1791 |   3 |  680.7 |
       Dungeon |   2042 |   2014 |     28 |      0 |   1791 |   3 |  680.7 |
               +--------+--------+--------+--------+--------+-----+--------+

Top non-repeatable levels by time:
     D:1: 1108 daAuts
     D:2: 613 daAuts
     D:3: 320 daAuts
